 Dungeon Crawl Stone Soup version 0.22.1-1-ga44c0e56f4 (webtiles) character file.

199 Morbidden the Chopper (level 5, -11/41 HPs)
             Began as a Demonspawn Fighter on Oct 25, 2018.
             Killed by divine providence
             ... invoked by an orc priest
              (15 damage)
             ... on level 3 of the Dungeon.
             The game lasted 00:02:35 (1775 turns).

Morbidden the Chopper (Demonspawn Fighter)          Turns: 1775, Time: 00:02:36

Health: -11/41     AC:  7    Str: 21 (22) XL:     5   Next: 48%
Magic:  5/5        EV:  7    Int:  9 (10) God:
Gold:   91         SH:  9    Dex: 10 (12) Spells: 4/4 levels left

rFire    . . .     SeeInvis .   a - +0 war axe
rCold    + . .     Gourm    .   c - +0 shield
rNeg     . . .     Faith    .   b - +0 scale mail
rPois    .         Spirit   .   i - +0 helmet
rElec    .         Reflect  .   (no cloak)
rCorr    .         Harm     .   (no gloves)
MR       .....                  (no boots)
Stlth    ..........             (no amulet)
HPRegen  0.13/turn              (no ring)
MPRegen  0.09/turn              (no ring)

@: mighty, lethally poisoned (-11 -> -18)
A: cold resistance 1, powered by pain 1
a: no special abilities


You were on level 3 of the Dungeon.
You were not hungry.

You visited 1 branch of the dungeon, and saw 3 of its levels.

You collected 91 gold pieces.

Inventory:

Hand Weapons
 a - a +0 war axe (weapon)
Armour
 b - a +0 scale mail (worn)
 c - a +0 shield (worn)
 i - a +0 helmet (worn)
Jewellery
 r - an uncursed amulet of magic regeneration {unknown}
 s - an uncursed amulet of rage {unknown}
Wands
 u - a wand of iceblast (12)
Scrolls
 e - 3 scrolls of remove curse {unknown}
 g - a scroll of fog {unknown}
 h - a scroll of enchant weapon {unknown}
 j - a scroll of random uselessness {unknown}
 k - a scroll of magic mapping {unknown}
 l - 4 scrolls of identify {unknown}
 m - a scroll of fear {unknown}
 t - a scroll of blinking {unknown}
 v - a scroll of teleportation {unknown}
Potions
 o - a potion of flight {unknown}
 p - a potion of invisibility {unknown}
 q - a potion of heal wounds {unknown}
 w - a potion of curing {unknown}
Comestibles
 f - 4 rations


   Skills:
 - Level 3.0 Fighting
 + Level 5.3 Axes
 - Level 2.6 Armour
 - Level 2.6 Shields


You had 4 spell levels left.
You didn't know any spells.
Your spell library was empty.

Dungeon Overview and Level Annotations

Branches:
Dungeon (3/15)

Altars:

Annotations:
D:3 Sigmund


Innate Abilities, Weirdness & Mutations

Your flesh is cold resistant. (rC+)
You sometimes gain a little power by taking damage.


Message History

Unknown command.
It was a potion of degeneration.
There was something very wrong with that liquid.
You feel weakened.
You feel dopey.
You feel clumsy.
You feel sick. You block the orc's attack.
The orc priest mumbles some strange prayers to Beogh against you.
Beogh smites you!
* * * LOW HITPOINT WARNING * * *
You focus on the pain.
You feel mightier all of a sudden. You block the orc's attack.
Unknown command.
You hit the orc.
The orc is lightly wounded.
You barely miss the orc.
* * * LOW HITPOINT WARNING * * *
You feel sick.
The orc priest mumbles some strange prayers to Beogh against you.
Beogh smites you!
You die...

.....# #....#
####....#
........#
......@o#
.....ooo#
.....ooo# #@##
#(.# ##.#
#########'##
#..........#
#..........#
#..........# #.#
#..........###.#
#...........##.#


You could see Sigmund, 2 orc priests and 5 orcs.

Vanquished Creatures
  Jessica (D:2)
  A worker ant (D:3)
  5 gnolls
  3 adders
  4 oozes
  A worm (D:2)
  2 leopard geckos (D:1)
  An orc (D:3)
  4 bats
  A giant cockroach (D:2)
  5 goblins
  5 hobgoblins
  8 jackals
  4 frilled lizards
  5 kobolds
  5 rats (D:1)
55 creatures vanquished.

Notes
Turn   | Place    | Note
-------+----------+-------------------------------------------
     0 | D:1      | Morbidden the Demonspawn Fighter began the quest for the
                  | Orb.
     0 | D:1      | Reached XP level 1. HP: 18/18 MP: 1/1
    23 | D:1      | Reached skill level 2 in Axes
    26 | D:1      | Gained mutation: Your flesh is cold resistant. (rC+)
                  | [demonic ancestry]
    26 | D:1      | Reached XP level 2. HP: 13/24 MP: 2/2
   298 | D:1      | Reached skill level 3 in Axes
   348 | D:1      | Gained mutation: You sometimes gain a little power by
                  | taking damage. [demonic ancestry]
   348 | D:1      | Reached XP level 3. HP: 22/29 MP: 3/3
   934 | D:2      | Reached skill level 4 in Axes
   934 | D:2      | Reached XP level 4. HP: 34/35 MP: 4/4
  1086 | D:2      | Noticed Jessica
  1097 | D:2      | Killed Jessica
  1398 | D:3      | Reached XP level 5. HP: 40/41 MP: 5/5
  1447 | D:3      | Reached skill level 5 in Axes
  1770 | D:3      | Noticed Sigmund
  1775 | D:3      | Killed from afar by an orc priest

Skill      XL: |  1  2  3  4  5 |
---------------+----------------+-----
Axes           | 2 3 4 5 |  5.3
Fighting       | |  3.0
Armour         | |  2.6
Shields        | |  2.6

Action                   |  1- 3 |  4- 6 || total
-------------------------+-------+-------++-------
Melee: War axe           |   134 |    68 ||   202
  Use: Potion            |       |     2 ||     2
  Eat: Chunk             |       |     3 ||     3
Armor: Scale mail        |    79 |    26 ||   105
Dodge: Dodged            |    41 |    24 ||    65
Block: Shield            |    67 |    39 ||   106
